Map: [ESL] Crimson Court

Players

LiquidMaNa (MaNa) - Winner!

  • Race: Protoss Protoss
  • League: Grandmaster
  • Spawn Location: 7:00

eonblu

  • Race: Zerg Zerg
  • Spawn Location: 1:00

Event: HomeStory Cup XXV

VOD

Have the link to the VOD?

Description

Time

  • Played on: June 21, 2024, 7:12 a.m.
  • Length: 7:07

All games in this series

Show
View Real Time Build Order
Export as new Build Order

LiquidMaNa Protoss - Winner!

Build Orders: 1 Gate Expand, Oracle Opening 

Get SALT Encoding   

  12  0:00  Probe  
  13  0:12  Probe  
  14  0:18  Pylon  
  14  0:24  Probe  
  15  0:36  Probe (Chrono Boost)  
  16  0:42  Gateway  
  16  0:46  Probe (Chrono Boost)  
  17  0:50  Assimilator  
  17  0:51  Probe (Chrono Boost)  
  18  1:03  Probe (Chrono Boost)  
  19  1:13  Probe (Chrono Boost)  
  19  1:18  Probe (Chrono Boost)  
  21  1:29  Nexus  
  21  1:39  Cybernetics Core  
  21  1:41  Probe  
  22  1:48  Assimilator  
  22  1:53  Pylon  
  22  1:56  Probe  
  23  2:11  Probe  
  23  2:13  Adept (Chrono Boost)  
  24  2:16  Stargate  
  26  2:23  Probe  
  26  2:25  Warp Gate  
  27  2:35  Adept (Chrono Boost), Probe  
  30  2:41  Probe  
  31  2:47  Probe  
  32  2:53  Probe  
  33  2:59  Probe  
  33  3:00  Oracle  
  33  3:05  Probe  
  38  3:07  Stalker  
  38  3:12  Probe  
  41  3:17  Probe  
  42  3:24  Probe  
  42  3:26  Gateway  
  41  3:29  Probe  
  41  3:34  Oracle (Chrono Boost)  
  42  3:36  Probe  
  45  3:41  Probe  
  46  3:54  Shield Battery  
  46  3:59  Gateway  
  46  4:05  Twilight Council  
  46  4:07  Forge  
  46  4:09  Assimilator  
  46  4:17  Assimilator, Gateway  
  46  4:21  Pylon  
  46  4:23  Pylon  
  46  4:25  Pylon  
  46  4:29  Pylon  
  46  4:33  Protoss Ground Weapons Level 1 (Chrono Boost)  
  46  4:36  Charge (Chrono Boost)  
  46  4:39  Probe x2  
  46  4:43  Adept  
  46  4:44  Adept  
  52  4:51  Probe x2  
  54  4:53  Gateway  
  54  5:03  Probe x2  
  54  5:05  Zealot x3  
  62  5:15  Probe  
  62  5:20  Nexus  
  63  5:27  Zealot x2  
  63  5:29  Probe  
  63  5:33  Zealot x2  
  71  5:43  Void Ray  
  71  5:56  Zealot x4  
  78  6:01  Templar Archives  
  78  6:06  Pylon  
  78  6:20  Probe x2  
  78  6:21  Nexus  
  78  6:29  Zealot x4  
  78  6:32  Probe  
  83  6:39  Zealot  
  83  6:42  Probe  
  84  6:51  Zealot  
  86  6:55  Pylon  
  86  6:58  Pylon  
  86  7:00  Pylon  
  86  7:07  Pylon  
Show
View Real Time Build Order
Export as new Build Order

eonblu Zerg 

Build Orders: Hatch First 

Get SALT Encoding   

  12  0:00  Drone  
  13  0:08  Drone  
  14  0:14  Extractor  
  14  0:16  Drone  
  15  0:23  Overlord  
  15  0:44  Drone  
  15  0:48  Hatchery  
  15  0:52  Drone  
  15  0:55  Drone  
  17  1:06  Extractor  
  16  1:12  Spawning Pool  
  16  1:14  Drone  
  16  1:17  Drone  
  17  1:22  Drone  
  18  1:27  Drone  
  19  1:39  Drone  
  20  1:55  Overlord  
  20  1:59  Queen  
  22  2:04  Queen  
  22  2:05  Zergling x4  
  26  2:09  Metabolic Boost  
  26  2:14  Drone  
  27  2:16  Drone  
  27  2:22  Drone  
  29  2:24  Drone  
  30  2:39  Hatchery  
  30  2:42  Zergling x4  
  31  2:50  Zergling x2  
  32  2:51  Drone  
  32  2:53  Queen  
  35  3:07  Drone  
  35  3:18  Overlord  
  35  3:19  Drone  
  35  3:20  Drone  
  36  3:34  Spore Crawler  
  36  3:36  Zergling x2  
  36  3:41  Zergling x14  
  43  3:43  Drone  
  42  3:50  Drone, Overlord  
  42  3:51  Queen  
  42  3:52  Drone x2  
  46  4:01  Drone  
  47  4:04  Drone  
  47  4:05  Drone  
  49  4:12  Drone  
  49  4:14  Drone x4  
  49  4:15  Drone x2  
  57  4:17  Drone  
  57  4:19  Spore Crawler  
  56  4:26  Drone x3  
  58  4:34  Drone x2  
  54  4:40  Drone  
  54  4:46  Drone x2  
  54  4:47  Drone  
  54  4:48  Drone  
  54  4:50  Drone  
  54  4:51  Drone  
  58  4:55  Overlord x2  
  58  5:02  Queen  
  57  5:10  Overlord x2  
  57  5:11  Roach Warren  
  57  5:12  Drone x2  
  57  5:16  Overlord  
  57  5:17  Spore Crawler, Drone x2  
  57  5:20  Drone  
  59  5:24  Drone x3  
  59  5:25  Drone  
  59  5:27  Drone  
  63  5:32  Drone x3  
  63  5:34  Drone  
  68  5:35  Drone  
  68  5:36  Drone  
  68  5:41  Lair  
  69  5:52  Roach  
  69  5:53  Roach  
  69  5:57  Zergling x8  
  69  5:59  Spine Crawler  
  69  6:01  Spine Crawler, Roach  
  73  6:07  Roach  
  73  6:08  Zergling x12  
  77  6:20  Zergling x10  
  77  6:22  Queen x2  
  79  6:30  Zergling x8  
  79  6:31  Zergling x4  
  74  6:39  Drone x3  
  76  6:43  Drone  
  74  6:49  Drone  
  74  6:54  Drone  
Tags
 
Add a new tag
Caveats
  • Supply blocks, unpowered buildings, or Contaminate may cause inaccurate times.
  • Supply counts are checked every 10 seconds.